 Dungeon Crawl Stone Soup version 0.29-a0-393-g47a863cc1b (webtiles) character file.

Game seed: 9862315490314493539

126 Lekart the Skirmisher (level 4, 0/41 HPs)
             Began as a Draconian Chaos Knight on May 9, 2022.
             Was a Plaything of Xom.
             Slain by an orc
             ... wielding a +0 club
              (3 damage)
             ... on level 3 of the Dungeon.
             The game lasted 00:03:49 (2600 turns).

Lekart the Skirmisher (Draconian Chaos Knight)      Turns: 2600, Time: 00:03:49

Health: 0/41       AC:  6    Str: 15    XL:     4   Next: 84%
Magic:  4/4        EV: 12    Int: 12    God:    Xom [*.....]
Gold:   187        SH:  0    Dex: 12    Spells: 3/3 levels left

rFire   . . .      SeeInvis .   a - +2 falchion (chaos)
rCold   . . .      Faith    .   (no shield)
rNeg    . . .      Spirit   .   (body armour unavailable)
rPois   .          Reflect  .   (helmet restricted)
rElec   .          Harm     .   (no cloak)
rCorr   .          Rampage  .   (no gloves)
Will    .....                   d - +0 pair of boots
Stlth   +.........              (no amulet)
HPRegen 0.13/turn               (no ring)
MPRegen 0.09/turn               (no ring)

@: confused, mighty, brilliant, attractive
A: AC +5, unfitting armour, cold-blooded
a: Renounce Religion


You were on level 3 of the Dungeon.
You worshipped Xom.
You were a special plaything of Xom.
You visited 1 branch of the dungeon, and saw 3 of its levels.

You collected 187 gold pieces.

Inventory:

Hand Weapons
 a - a +2 falchion of chaos (weapon)
Armour
 d - a +0 pair of boots (worn)
Scrolls
 c - a scroll of brand weapon {unknown}
 e - a scroll of torment {unknown}
 l - a scroll of immolation {unknown}
Potions
 h - a potion of might
 i - a potion of haste {unknown}
 j - a potion of flight {unknown}
 k - a potion of mutation {unknown}
Miscellaneous
 b - a piece from Xom's chessboard (15/15) (quivered)


   Skills:
 * Level 4.5 Fighting
 + Level 4.1 Long Blades
 + Level 2.8 Dodging
 + Level 0.9 Stealth


You had 3 spell levels left.
You didn't know any spells.
Your spell library contained the following spells:

 Spells                   Type           Power      Damage    Failure   Level
 Shock                    Conj/Air       0%         1d3       32%         1
 Gell's Gravitas          Tloc           0%         N/A       69%         3
 Swiftness                Air            0%         N/A       69%         3
 Teleport Other           Tloc           0%         N/A       69%         3
 Airstrike                Air            0%         N/A       97%         4
 Dispersal                Tloc           0%         N/A       100%        6


Dungeon Overview and Level Annotations

Branches:
Dungeon (3/15)

Altars:

Shops:
D:2 *


Innate Abilities, Weirdness & Mutations

Your plain brown scales are hard. (AC +5)
You cannot fit into any form of body armour.
You are cold-blooded and may be slowed by cold attacks.


Message History

You closely miss the orc. The orc barely misses you.
The orc closely misses you.
The orc wizard hits you but does no damage.
You miss the orc wizard. The orc misses you. x2
The orc wizard hits you with a +0 dagger.
You closely miss the orc wizard.
You feel less confused. The orc barely misses you.
The orc hits you with a +0 whip.
The orc wizard hits you with a +0 dagger.
You barely miss the orc wizard. The orc wizard casts a spell at you.
You are confused.
The orc closely misses you. The orc hits you but does no damage.
It was a potion of brilliance.
You feel clever all of a sudden.
Xom is amused.
The orc hits you but does no damage. The orc barely misses you.
The orc priest looks braver for a moment.
The orc wizard casts a spell at you. You resist with some effort.
It was a potion of might.
You feel very mighty all of a sudden.
Xom thinks this is hilarious!
The orc closely misses you. The orc hits you with a +0 whip.
The orc wizard casts a spell at you. You resist with some effort.
You closely miss the orc wizard.
The orc wizard hits you with a +0 dagger.
The orc misses you. The orc barely misses you.
The orc wizard gestures wildly while chanting.
The orc wizard flickers and vanishes!
Deactivating autopickup; reactivate with Ctrl-A.
The orc hits you but does no damage.
The orc priest calls down the wrath of Beogh upon you.
Beogh smites you!
* * * LOW HITPOINT WARNING * * *
A shower of butterflies erupts from you!
The orc hits you with a +0 club.
You die...
Xom thinks this is hilarious!

#.##.##.#
#+#
#.##.##.#
#.#
#.##.##.#
#.#
#.##.##.#
##.##
#.......#
##..?##
####.####


#bboob# #.# #o{o#########.# ##@#..........# .......bbb########## ########### You
could see an orc priest (ally target) and 3 orcs.

Vanquished Creatures
  3 gnolls (D:2)
  4 adders
  A worm (D:3)
  2 dart slugs
  An orc (D:3)
  3 ball pythons
  4 endoplasms
  3 giant cockroaches
  5 goblins
  7 hobgoblins
  4 jackals (D:1)
  A quokka (D:1)
  7 bats
  2 frilled lizards
  3 kobolds (D:2)
  2 rats
52 creatures vanquished.

Notes
Turn   | Place    | Note
-------+----------+-------------------------------------------
     0 | D:1      | Lekart the Draconian Chaos Knight began the quest for the
                  | Orb.
     0 | D:1      | Reached XP level 1. HP: 19/19 MP: 1/1
    55 | D:1      | XOM: divination: magic mapping
    80 | D:1      | Found a faded altar of an unknown god.
   110 | D:1      | XOM: noise
   129 | D:1      | Reached XP level 2. HP: 21/27 MP: 2/2
   670 | D:1      | XOM: silly message
   974 | D:1      | XOM: silly message
  1163 | D:1      | XOM: silly message
  1323 | D:2      | Reached XP level 3. HP: 33/33 MP: 3/3
  1894 | D:2      | Found Gasiam's Assorted Antiques.
  1957 | D:2      | XOM: silly message
  2063 | D:2      | Reached XP level 4. HP: 40/40 MP: 4/4
  2134 | D:2      | XOM: cast spell 'Statue Form'
  2338 | D:3      | Identified the +0 spear of the Bear {antimagic, Str-3
                  | Dex+5}
  2600 | D:3      | XOM: butterfly on damage
  2600 | D:3      | Slain by an orc

Illustrated notes

Levels and vault maps discovered:
D:1:      scummos_arrival_gate, layout_basic, serial_corexii_hall,
          corexii_hall_statues_l, corexii_hall_statues_i,
          chequers_hall_statues_corner_a,
          hellmonk_ecumenical_altar_pennies_from_heaven
D:2:      layout_loops_cross, serial_shops, shop, kennysheep_cross_bottleneck
D:3:      layout_loops_corners

Skill      XL: |  1  2  3  4 |
---------------+-------------+-----
Fighting       | 4 |  4.5
Long Blades    | 4 |  4.1
Dodging        | |  2.8
Stealth        | |  0.9

Action                   |  1- 3 |  4- 6 || total
-------------------------+-------+-------++-------
Melee: Falchion          |   109 |    43 ||   152
       Tailslap          |    13 |     6 ||    19
       Punch             |       |     1 ||     1
  Use: Scroll            |     4 |     1 ||     5
       Potion            |     1 |     3 ||     4
 Stab: Petrifying        |     1 |       ||     1
       Sleeping          |     1 |       ||     1
       Confused          |       |     1 ||     1
Armor: Skin              |    54 |    19 ||    73
Dodge: Dodged            |    82 |    40 ||   122

Table legend: (Time is in decaauts)
 A = Elapsed time spent in this place.
 B = Non-inter-level travel time spent in this place.
 C = Inter-level travel time spent in this place.
 D = Time resting spent in this place.
 E = Time spent auto-exploring this place.
 F = Levels seen in this place.
 G = Mean time per level.
                   A        B        C        D        E       F      G
               +--------+--------+--------+--------+--------+-----+--------+
         Total |   2634 |   2593 |     41 |    194 |   2010 |   3 |  878.0 |
       Dungeon |   2634 |   2593 |     41 |    194 |   2010 |   3 |  878.0 |
               +--------+--------+--------+--------+--------+-----+--------+

Top non-repeatable levels by time:
     D:1: 1303 daAuts
     D:2: 1053 daAuts
     D:3: 277 daAuts
